 Dungeon Crawl Stone Soup version 0.17-a0-1920-gafa4d75 (webtiles) character file.

475 Kuldar the Grave Robber (level 6, -17/39 HPs)
             Began as a Demonspawn Wanderer on Sept 27, 2015.
             Demolished by an ogre
             ... wielding a +0 giant club
              (23 damage)
             ... on level 5 of the Dungeon.
             The game lasted 00:30:43 (5663 turns).

Kuldar the Grave Robber (Demonspawn Wanderer)       Turns: 5663, Time: 00:30:43

Health: -17/39     AC:  3    Str: 16    XL:     6   Next: 84%
Magic:  6/13       EV: 11    Int: 12    God:    Xom [......]
Gold:   158        SH:  0    Dex: 12    Spells: 4 memorised, 7 levels left

rFire  . . .     SeeInvis .     u - +1 dagger (venom)
rCold  . . .     Clarity  .     d - +0 robe
rNeg   . . .     SustAt   .     (no shield)
rPois  .         Gourm    .     (helmet restricted)
rElec  .         Spirit   .     h - +0 cloak
rCorr  .         Warding  .     (no gloves)
rMut   .         Stasis   .     (no boots)
MR     .....                    (no amulet)
Stlth  +++.......               (no ring)
                                (no ring)

@: not resistant to hostile enchantments, fairly stealthy
A: antennae 2, frail 1, nightstalker 2, screaming 1
a: Renounce Religion


You were on level 5 of the Dungeon.
You worshipped Xom.
You were a very special plaything of Xom.
You were near starving.

You visited 1 branch of the dungeon, and saw 5 of its levels.

You collected 158 gold pieces.

Inventory:

Hand weapons
 e - a +0 club
 u - a +1 dagger of venom (weapon)
Missiles
 w - 8 needles of slowing
Armour
 d - a +0 robe (worn)
 h - a +0 cloak (worn)
Magical devices
 x - a wand of slowing (40)
Scrolls
 g - 3 scrolls of identify
 m - 3 scrolls of remove curse
 t - 2 scrolls of immolation {unknown}
Potions
 c - a potion of lignification
 i - 2 potions of heal wounds {unknown}
 j - a potion of flight {unknown}
 l - a potion of cure mutation {unknown}
 s - a potion of curing
 v - 2 potions of berserk rage {unknown}
Books
 a - a book of Necromancy

   Spells                             Type                      Level
   a - Pain                           Necromancy                   1
   b - Animate Skeleton               Necromancy                   1
   c - Vampiric Draining              Necromancy                   3
   d - Regeneration                   Charms/Necromancy            3
   e - Animate Dead                   Necromancy                   4
   f - Control Undead                 Necromancy                   4
 b - Poulitos's Tome of the Blaze

   Spells                             Type                      Level
   a - Flame Tongue                   Conjuration/Fire             1
   b - Ignite Poison                  Fire/Transmutation/Poison    3
Comestibles
 f - 6 bread rations
 k - a beef jerky
 n - 3 royal jellies
 p - a meat ration
 q - 5 fruits


   Skills:
 - Level 2.0 Fighting
   Level 1.0 Polearms
   Level 1.0 Shields
 - Level 5.0 Spellcasting
 * Level 7.3 Necromancy
 - Level 1.0 Evocations


You had 7 spell levels left.
You knew the following spells:

 Your Spells              Type           Power        Failure   Level  Hunger
a - Pain                  Necr           ###.         1%          1    None
b - Animate Skeleton      Necr           N/A          1%          1    None
c - Regeneration          Chrm/Necr      ##........   17%         3    ###....
d - Vampiric Draining     Necr           ###.......   2%          3    ###....


Dungeon Overview and Level Annotations

Branches:
Dungeon (5/15)
 Temple: D:4-7

Altars:
Cheibriados
Elyvilon
Fedhas
Makhleb
Qazlal
Sif Muna
Xom
Zin
The Shining One

Annotations:
D:5 StahL's ghost, experienced HOBe


Innate Abilities, Weirdness & Mutations

You have a pair of antennae on your head.
You are significantly more attuned to the shadows.
You are frail (-10% HP).
You occasionally shout uncontrollably at your foes.


Message History

Press: ? - help, Shift-Dir - straight line, f/p - ogre
Aim: an ogre, wielding a giant club (heavily wounded, chance to defeat MR: 80%)
The ogre convulses in agony!
The ogre hits you with a giant club!!
Ouch! That really hurt!
* * * LOW HITPOINT WARNING * * *
Casting: Pain
Confirm with . or Enter, or press ? or * to list all spells.
Aiming: Pain
Press: ? - help, Shift-Dir - straight line, f/p - ogre
Aim: an ogre, wielding a giant club (heavily wounded, chance to defeat MR: 80%)
The ogre barely resists.
Casting: Pain
Confirm with . or Enter, or press ? or * to list all spells.
Aiming: Pain
Press: ? - help, Shift-Dir - straight line, f/p - ogre
Aim: an ogre, wielding a giant club (heavily wounded, chance to defeat MR: 80%)
The ogre convulses in agony!
The ogre hits you with a giant club!!
Ouch! That really hurt!
You die...
Xom chuckles heartily!

##....# . #....###
.. ##......###..#
### #...##..[...#
##.####..#####...##
##........# #####
#..#......######
#.####..........
#.# ##...@O....
#.## #..#######
#..## #<.#
##..###.## ##.....#
##....# ##..## ####


You could see an ogre.

Vanquished Creatures
  A crimson imp (D:5)
  An orc priest (D:3)
  A hound (D:4)
  2 worker ants
  5 orc wizards
  5 adders
  A gnoll (D:1)
  3 oozes
  3 worms
  13 orcs
  9 bats
  3 giant cockroaches
  10 goblins
  7 hobgoblins
  6 jackals
  2 kobolds
  3 quokkas
  4 giant geckos (D:2)
  4 giant newts
  7 rats
90 creatures vanquished.

Vanquished Creatures (collateral kills)
  Jessica (D:3)
  An orc (D:3)
  A goblin (D:1)
  2 hobgoblins (D:1)
  A rat (D:1)
6 creatures vanquished.

Grand Total: 96 creatures vanquished

Notes
Turn   | Place    | Note
--------------------------------------------------------------
     0 | D:1      | Kuldar the Demonspawn Wanderer began the quest for the Orb.
     0 | D:1      | Kuldar set off with: a book of Necromancy, Poulitos's Tome of the Blaze, a potion of lignification, a +0 robe, a +0 club, a bread ration, a !bad item (cl:100,ty:0,pl:0,pl2:0,sp:0,qu:0), a !bad item (cl:100,ty:0,pl:0,pl2:0,sp:0,qu:0), a !bad item (cl:100,ty:0,pl:0,pl2:0,sp:0,qu:0), a !bad item (cl:100,ty:0,pl:0,pl2:0,sp:0,qu:0), a !bad item (cl:100,ty:0,pl:0,pl2:0,sp:0,qu:0), a !bad item (cl:100,ty:0,pl:0,pl2:0,sp:0,qu:0), a !bad item (cl:100,ty:0,pl:0,pl2:0,sp:0,qu:0), a !bad item (cl:100,ty:0,pl:0,pl2:0,sp:0,qu:0), a !bad item (cl:100,ty:0,pl:0,pl2:0,sp:0,qu:0), a !bad item (cl:100,ty:0,pl:0,pl2:0,sp:0,qu:0), a !bad item (cl:100,ty:0,pl:0,pl2:0,sp:0,qu:0), a !bad item (cl:100,ty:0,pl:0,pl2:0,sp:0,qu:0), a !bad item (cl:100,ty:0,pl:0,pl2:0,sp:0,qu:0), a !bad item (cl:100,ty:0,pl:0,pl2:0,sp:0,qu:0), a !bad item (cl:100,ty:0,pl:0,pl2:0,sp:0,qu:0), a !bad item (cl:100,ty:0,pl:0,pl2:0,sp:0,qu:0), a !bad item (cl:100,ty:0,pl:0,pl2:0,sp:0,qu:0), a !bad item (cl:100,ty:0,pl:0,pl2:0,sp:0,qu:0), a !bad item (cl:100,ty:0,pl:0,pl2:0,sp:0,qu:0), a !bad item (cl:100,ty:0,pl:0,pl2:0,sp:0,qu:0), a !bad item (cl:100,ty:0,pl:0,pl2:0,sp:0,qu:0), a !bad item (cl:100,ty:0,pl:0,pl2:0,sp:0,qu:0), a !bad item (cl:100,ty:0,pl:0,pl2:0,sp:0,qu:0), a !bad item (cl:100,ty:0,pl:0,pl2:0,sp:0,qu:0), a !bad item (cl:100,ty:0,pl:0,pl2:0,sp:0,qu:0), a !bad item (cl:100,ty:0,pl:0,pl2:0,sp:0,qu:0), a !bad item (cl:100,ty:0,pl:0,pl2:0,sp:0,qu:0), a !bad item (cl:100,ty:0,pl:0,pl2:0,sp:0,qu:0), a !bad item (cl:100,ty:0,pl:0,pl2:0,sp:0,qu:0), a !bad item (cl:100,ty:0,pl:0,pl2:0,sp:0,qu:0), a !bad item (cl:100,ty:0,pl:0,pl2:0,sp:0,qu:0), a !bad item (cl:100,ty:0,pl:0,pl2:0,sp:0,qu:0), a !bad item (cl:100,ty:0,pl:0,pl2:0,sp:0,qu:0), a !bad item (cl:100,ty:0,pl:0,pl2:0,sp:0,qu:0), a !bad item (cl:100,ty:0,pl:0,pl2:0,sp:0,qu:0), a !bad item (cl:100,ty:0,pl:0,pl2:0,sp:0,qu:0), a !bad item (cl:100,ty:0,pl:0,pl2:0,sp:0,qu:0), a !bad item (cl:100,ty:0,pl:0,pl2:0,sp:0,qu:0), a !bad item (cl:100,ty:0,pl:0,pl2:0,sp:0,qu:0), a !bad item (cl:100,ty:0,pl:0,pl2:0,sp:0,qu:0), a !bad item (cl:100,ty:0,pl:0,pl2:0,sp:0,qu:0), a !bad item (cl:100,ty:0,pl:0,pl2:0,sp:0,qu:0), a !bad item (cl:100,ty:0,pl:0,pl2:0,sp:0,qu:0), a !bad item (cl:100,ty:0,pl:0,pl2:0,sp:0,qu:0), a !bad item (cl:100,ty:0,pl:0,pl2:0,sp:0,qu:0), a !bad item (cl:100,ty:0,pl:0,pl2:0,sp:0,qu:0)
     0 | D:1      | Reached XP level 1. HP: 16/16 MP: 1/1
     0 | D:1      | Identified Poulitos's Tome of the Blaze
   106 | D:1      | Reached skill level 1 in Spellcasting
   106 | D:1      | Gained mutation: You are slightly more attuned to the shadows. [demonic ancestry]
   106 | D:1      | Reached XP level 2. HP: 4/22 MP: 1/4
   112 | D:1      | Learned a level 1 spell: Pain
   114 | D:1      | Learned a level 1 spell: Animate Skeleton
  1068 | D:2      | Gained mutation: You are significantly more attuned to the shadows. [demonic ancestry]
  1068 | D:2      | Reached XP level 3. HP: 7/27 MP: 0/6
  1765 | D:2      | Found a deep blue altar of Sif Muna.
  2223 | D:2      | Reached XP level 4. HP: 24/33 MP: 2/8
  2422 | D:3      | Found a faded altar to an unknown god.
  2819 | D:3      | Gained mutation: You have a pair of small antennae on your head. [demonic ancestry]
  2819 | D:3      | Reached XP level 5. HP: 10/38 MP: 0/11
  3260 | D:3      | Noticed Jessica
  3290 | D:3      | Reached skill level 5 in Spellcasting
  3301 | D:3      | Learned a level 3 spell: Regeneration
  3305 | D:3      | Learned a level 3 spell: Vampiric Draining
  3524 | D:3      | Killed Jessica
  3634 | D:4      | Found a blossoming altar of Fedhas.
  3636 | D:4      | Found a stormy altar of Qazlal.
  3736 | D:4      | Found a glowing silver altar of Zin.
  3736 | D:4      | Found a shimmering altar of Xom.
  3736 | D:4      | Noticed an angel
  3743 | D:4      | Became a worshipper of Xom of Chaos
  3890 | D:4      | Reached skill level 6 in Necromancy
  3890 | D:4      | Gained mutation: You have a pair of antennae on your head. [demonic ancestry]
  3890 | D:4      | Reached XP level 6. HP: 31/44 MP: 7/13
  3907 | D:4      | XOM: divination: magic mapping
  3975 | D:4      | Found a white marble altar of Elyvilon.
  4017 | D:4      | Found a snail-covered altar of Cheibriados.
  4188 | D:4      | XOM: mild Ice miscast
  4386 | D:4      | Noticed a centaur
  4415 | D:4      | Found a burning altar of Makhleb.
  4415 | D:4      | Found a glowing golden altar of the Shining One.
  4440 | D:4      | XOM: potion effect (agility)
  4455 | D:4      | XOM: silly message
  4466 | D:4      | XOM: cast spell 'Confusing Touch'
  4471 | D:4      | XOM: summons friendly crimson imp
  4486 | D:3      | Your ally Jessica died
  4542 | D:3      | XOM: colour smoke trail
  4911 | D:4      | XOM: give mutations
  4911 | D:4      | Gained mutation: Armour fits poorly on your strangely shaped body. [Xom's mischief]
  4911 | D:4      | Gained mutation: You occasionally shout uncontrollably at your foes. [Xom's mischief]
  4911 | D:4      | Gained mutation: You are frail (-10% HP). [Xom's mischief]
  4911 | D:4      | Lost mutation: Armour fits poorly on your strangely shaped body. [Xom's mischief]
  4914 | D:4      | XOM: silly message
  5052 | D:4      | XOM: colour smoke trail
  5089 | D:5      | Entered Level 5 of the Dungeon
  5127 | D:5      | XOM: confusion (+ monsters)
  5169 | D:5      | Noticed StahL's ghost (experienced HOBe)
  5170 | D:5      | Reached skill level 7 in Necromancy
  5196 | D:4      | XOM: smoke on damage
  5201 | D:4      | XOM: potion effect (brilliance)
  5448 | D:5      | XOM: enchant monster (bad)
  5663 | D:5      | Demolished by an ogre

Vault maps used:
D:1:      tarquinn_simple_flora_water_e
D:2:      lemuel_blue_sif_altar
D:3:      ecumenical_altar_2, uniq_jessica
D:4:      grunt_temple_overflow_order_and_chaos_1,
          grunt_temple_overflow_forces_of_nature, lemuel_round_altar,
          gammafunk_temple_overflow_pools, cheibriados_altar_wand_db,
          first_bread
D:5:      okawaru_ov_weapons_minmay, serial_shops, shop, minmay_strange_pillars

Action                   |  1- 3 |  4- 6 || total
-------------------------+-------+-------++-------
Melee: Club              |    29 |     6 ||    35
       Dagger            |       |    45 ||    45
 Cast: Pain              |    86 |   176 ||   262
       Animate Skeleton  |    19 |    25 ||    44
       Regeneration      |       |     1 ||     1
Evoke: Wand              |       |     4 ||     4
  Use: Scroll            |       |     4 ||     4
       Potion            |       |     2 ||     2
 Stab: Sleeping          |     1 |       ||     1
       Confused          |       |     1 ||     1
  Eat: Chunk             |     6 |     8 ||    14
       Beef jerky        |       |     1 ||     1
